 Dungeon Crawl Stone Soup version 0.27-a0-1137-g3ef0f4ec91 (webtiles) character file.

Game seed: 16109823582808945216

38577 robertstho the Unseen (level 14, -5/101 HPs)
             Began as an Octopode Berserker on May 6, 2021.
             Was a Priest of Trog.
             Engulfed by an ice statue's freezing vapour (33 damage)
             ... in an ice cave.
             The game lasted 00:34:24 (18838 turns).

robertstho the Unseen (Octopode Berserker)         Turns: 18838, Time: 00:34:25

Health: -5/101     AC:  5    Str: 19    XL:     14   Next: 2%
Magic:  14/14      EV: 19    Int:  9    God:    Trog [***...]
Gold:   780        SH: 10    Dex: 14    Spells: 13/13 levels left

rFire    . . .     SeeInvis .   G - +1 scimitar (flame)
rCold    . . .     Faith    .   E - +0 kite shield
rNeg     . . .     Spirit   .   (helmet restricted)
rPois    .         Reflect  .   (no amulet)
rElec    .         Harm     .   g - +4 ring of evasion
rCorr    .         Rampage  .   C - +4 ring of protection
Will     ++...                  J - ring of flight
Stlth    ++++++++..             L - ring of willpower
HPRegen  0.26/turn              (no ring)
MPRegen  0.14/turn              (no ring)
                                (no ring)
                                (no ring)

@: about to teleport, on berserk cooldown, flying, slowed, very slow
A: almost no armour, amphibious, 8 rings, camouflage 1, gelatinous body 1,
(nimble swimmer 1), tentacles
a: Renounce Religion, Berserk, Trog's Hand


You were in an ice cave.
You worshipped Trog.
Trog was most pleased with you.
You visited 2 branches of the dungeon, and saw 16 of its levels.
You also visited: Ossuary and Ice Cave.

You collected 886 gold pieces.
You spent 106 gold pieces at shops.

Inventory:

Hand Weapons
 c - a +0 dagger of freezing
 o - a +2 dagger of holy wrath
 A - a +0 short sword of speed
 G - a +1 scimitar of flaming (weapon)
Missiles
 p - 7 silver boomerangs
 F - a throwing net
 I - 2 atropa-tipped darts
Armour
 E - a +0 kite shield (worn)
Jewellery
 g - a +4 ring of evasion (left tentacle)
 C - a +4 ring of protection (right tentacle)
 J - a ring of flight (on tentacle)
 L - a ring of willpower (on tentacle)
Wands
 t - a wand of mindburst (14)
 B - a wand of digging (6)
 H - a wand of flame (29)
Scrolls
 b - 2 scrolls of magic mapping
 h - a scroll of holy word
 q - a scroll of fog
 r - 2 scrolls of silence
 x - 2 scrolls of vulnerability
 y - a scroll of brand weapon
 z - a scroll of identify
 K - 2 scrolls of enchant armour
 M - a scroll of fear
Potions
 a - 3 potions of might
 d - a potion of resistance
 f - 2 potions of heal wounds
 i - 10 potions of flight {unknown}
 j - a potion of cancellation {unknown}
 k - 4 potions of haste {unknown}
 l - 5 potions of mutation {unknown}
 m - 2 potions of magic {unknown}
 n - a potion of curing
 s - 2 potions of invisibility {unknown}
 u - 12 potions of ambrosia
 v - a potion of berserk rage
 w - 7 potions of lignification
 D - 3 potions of attraction


   Skills:
 * Level 11.3 Fighting
 + Level 10.4(10.8) Short Blades
 + Level 4.9(8.3) Long Blades
 + Level 9.3 Dodging
 * Level 18.6 Stealth
 + Level 6.6 Shields
 + Level 3.5 Evocations


You had 13 spell levels left.
You didn't know any spells.
Your spell library was empty.

Dungeon Overview and Level Annotations

Branches:
Dungeon (13/15)            Temple (0/1) D:4            Lair (3/6) D:10
    Orc (0/2) D:10        Ossuary (visited)           IceCv (1/1)
  Swamp: Lair:2-4    Shoals: Lair:2-4     Snake: Lair:2-4    Spider: Lair:2-4
 Vaults: D:13-14

Altars:
Elyvilon
Xom

Shops:
D:4 *   D:6 :

Portals:
Trove: D:10 (give 16 potions of curing)

Annotations:
D:11 2 transporters
D:12 2 transporters, Pooter's ghost, journeyman MiBe
Lair:2 1 runed translucent door, Evofyass's ghost, journeyman TeCj IceCv 1 transporter, exclusion: 2 ice statues


Innate Abilities, Weirdness & Mutations

You cannot wear most types of armour.
You are amphibious.
You can wear up to eight rings at the same time.
Your skin changes colour to match your surroundings (Stealth+).
Your rubbery body absorbs attacks. (AC +1, EV +1)
((You are camouflaged near water. (Stealth+)))
You have tentacles for arms and can constrict up to eight enemies at once.


Message History

The bolt of cold hits you!!
Found a crooked glass wand and 39 gold pieces.
Found a transporter.
You see here an ugly thing corpse.
You feel a strong urge to attack something.
The ice statue gestures.
The ice statue gestures at you. The bolt of cold hits you!!
You completely miss the ice statue. The ice statue gestures at you.
The freezing blast misses you.
The ice statue gestures.
You slash the ice statue!
You melt the ice statue.
The ice statue is lightly damaged.
You are engulfed in freezing vapours.
The ice statue gestures. x2
You slash the ice statue!
You melt the ice statue.
The ice statue is heavily damaged.
You are engulfed in freezing vapours.
You are no longer berserk.
You are exhausted.
You feel yourself slow down. The ice beast closely misses you.
The ice statue gestures at you. The freezing blast engulfs you!!
The ice beast barely misses you.
You hit the ice statue but do no damage.
The ice statue is heavily damaged.
You are engulfed in freezing vapours.
* * * LOW HITPOINT WARNING * * *
The ice beast closely misses you. You block the ice beast's attack.
The ice beast misses you. The ice beast barely misses you.
You block the ice beast's attack. The ice beast completely misses you.
You riposte.
You hit the ice beast.
You melt the ice beast.
You squeeze the ice beast.
The ice beast is heavily wounded.
The ice beast hits you but does no damage.
The ice statue gestures at you. The freezing blast engulfs you.
* * * LOW HITPOINT WARNING * * *
As you read the scroll of teleportation, it crumbles to dust.
You feel strangely unstable.
You are engulfed in freezing vapours.
You die...

###...####
##........##
#..........##
#...........##
#.8..8.......#
#$.?Y........#
#©}.[...†©.∩.#
#/.).Y°Y.....#
#.8..8@......#
#....YY.....##
#...°......##
##........##
###...####
#####


You could see 2 ice statues and 5 ice beasts.

Vanquished Creatures
  Frances (D:12)
  A stone giant (D:12)
  4 hydras
  Erica (D:8)
  7 two-headed ogres
  A harpy (shapeshifter) (D:10)
  3 ugly things
  4 cyclopes
  A black mamba (shapeshifter) (D:13)
  Maurice (D:8)
  3 cane toads
  Psyche (D:8)
  A kobold demonologist (D:10)
  Maggie (D:7)
  2 unseen horrors (D:12)
  2 rime drakes (Lair:3)
  A komodo dragon (Lair:1)
  A queen bee (Lair:1)
  4 trolls
  8 blink frogs (Lair:1)
  2 vampires (D:13)
  2 wraiths
  5 wyverns
  25 yaks
  4 vampire mosquitoes
  Menkaure (D:7)
  A steam dragon (D:8)
  2 wargs (D:10)
  A sky beast (D:5)
  3 orc warriors (D:9)
  2 black bears
  A necrophage (D:5)
  7 ice beasts
  10 ogres
  3 centaurs
  3 phantoms
  Blork the orc (D:5)
  4 bullfrogs
  2 gnoll sergeants
  4 troll zombies (D:10)
  2 water moccasin skeletons
  35 killer bees
  2 howler monkeys (D:12)
  A bullfrog zombie (D:5)
  7 centaur zombies
  2 human zombies (Ossuary)
  2 bullfrog skeletons
  4 hounds
  A jelly (D:5)
  10 orc priests
  A centaur skeleton (D:4)
  2 iguanas (D:6)
  5 orc wizards
  Natasha (thrice) (D:4)
  2 killer bee zombies (D:7)
  3 ogre zombies (D:10)
  A howler monkey zombie (D:10)
  5 mummies
  4 gnolls (D:8)
  2 adders
  A shadow imp (D:5)
  An ufetubus (D:5)
  3 dart slugs
  26 orcs
  5 ball pythons
  11 endoplasms
  7 giant cockroaches
  7 goblins
  7 hobgoblins
  7 jackals (D:1)
  9 kobolds
  7 quokkas
  7 bats
  3 frilled lizards
  A gnoll zombie (Ossuary)
  2 goblin skeletons (D:10)
  6 goblin zombies
  4 hobgoblin zombies
  4 kobold zombies
  6 orc skeletons (D:10)
  9 orc zombies (D:10)
  6 rats
364 creatures vanquished.

Vanquished Creatures (collateral kills)
  Snorg (D:12)
  A hydra (Lair:1)
  A death knight (D:11)
  2 two-headed ogres (D:12)
  A manticore (D:12)
  A cane toad (Lair:1)
  2 blink frogs (Lair:1)
  2 yaks
  A shadow (D:10)
  A warg (D:10)
  2 phantoms (D:10)
  2 bullfrogs (Lair:1)
  An orc priest (D:9)
  2 orc wizards
  An ogre zombie (D:10)
  A goblin skeleton (D:10)
  An orc zombie (D:10)
23 creatures vanquished.

Vanquished Creatures (others)
  A fungus (Lair:2)
  29 plants
30 creatures vanquished.

Grand Total: 417 creatures vanquished

Notes
Turn   | Place    | Note
-------+----------+-------------------------------------------
     0 | D:1      | robertstho the Octopode Berserker began the quest for the
                  | Orb.
     0 | D:1      | Reached XP level 1. HP: 16/16 MP: 1/1
    64 | D:1      | Reached XP level 2. HP: 21/21 MP: 2/2
   171 | D:1      | Reached skill level 1 in Stealth
   302 | D:1      | Reached XP level 3. HP: 14/26 MP: 3/3
   491 | D:1      | Reached ** piety under Trog
   611 | D:1      | Found a faded altar of an unknown god.
  1423 | D:2      | Reached skill level 2 in Stealth
  1468 | D:2      | Reached XP level 4. HP: 26/33 MP: 4/4
  1860 | D:3      | Noticed a phantom
  1870 | D:3      | Killed a phantom
  1871 | D:3      | Reached skill level 3 in Stealth
  1871 | D:3      | Reached XP level 5. HP: 37/37 MP: 5/5
  2126 | D:3      | Reached *** piety under Trog
  2127 | D:3      | Reached skill level 4 in Stealth
  2670 | D:4      | Noticed a phantom
  2685 | D:4      | Killed a phantom
  2686 | D:4      | Reached skill level 5 in Stealth
  2686 | D:4      | Reached XP level 6. HP: 38/43 MP: 6/6
  2874 | D:4      | Found Acank's Assorted Antiques.
  2880 | D:4      | Bought a black potion for 25 gold pieces
  2880 | D:4      | Bought a black potion for 25 gold pieces
  2880 | D:4      | Bought a scroll of identify for 56 gold pieces
  2882 | D:4      | Noticed Natasha
  2894 | D:4      | Killed Natasha
  2908 | D:4      | Noticed Natasha
  2913 | D:4      | Killed Natasha
  2914 | D:4      | Reached skill level 6 in Stealth
  3168 | D:4      | Noticed Natasha
  3174 | D:4      | Killed Natasha
  3216 | D:4      | Reached XP level 7. HP: 49/49 MP: 7/7
  3224 | D:4      | Reached **** piety under Trog
  3395 | D:4      | Found a staircase to the Ecumenical Temple.
  3699 | D:5      | Entered Level 5 of the Dungeon
  3714 | D:5      | Reached skill level 7 in Stealth
  3893 | D:5      | Reached skill level 5 in Fighting
  3893 | D:5      | Reached skill level 8 in Stealth
  4097 | D:5      | Reached skill level 5 in Short Blades
  4097 | D:5      | Reached XP level 8. HP: 55/55 MP: 8/8
  4362 | D:5      | Noticed Blork the orc
  4923 | D:5      | Killed Blork the orc
  4958 | D:5      | Reached skill level 9 in Stealth
  5504 | D:6      | Found Xateprudd's Book Boutique.
  6072 | D:7      | Reached skill level 10 in Stealth
  6077 | D:7      | Reached XP level 9. HP: 62/62 MP: 9/9
  6095 | D:7      | Found a sand-covered staircase.
  6100 | Ossuary  | Entered an ossuary
  6188 | Ossuary  | Reached skill level 5 in Dodging
  6355 | D:7      | Noticed Menkaure
  6359 | D:7      | Killed Menkaure
  6360 | D:7      | Reached skill level 11 in Stealth
  6997 | D:7      | Noticed Maggie
  7000 | D:7      | Killed Maggie
  7154 | D:7      | Reached skill level 12 in Stealth
  7596 | D:8      | Found a white marble altar of Elyvilon.
  7754 | D:8      | Noticed Maurice
  7769 | D:8      | Killed Maurice
  7808 | D:8      | Noticed Erica
  7814 | D:8      | Killed Erica
  7815 | D:8      | Reached skill level 13 in Stealth
  7815 | D:8      | Reached XP level 10. HP: 71/71 MP: 10/10
  8008 | D:8      | Noticed Psyche
  8442 | D:8      | Killed Psyche
  8678 | D:9      | Reached skill level 14 in Stealth
  8678 | D:9      | Noticed a cyclops
  8688 | D:9      | Reached XP level 11. HP: 37/78 MP: 11/11
  8964 | D:9      | Reached skill level 15 in Stealth
  9640 | D:10     | Entered Level 10 of the Dungeon
  9663 | D:10     | Noticed a cyclops
  9667 | D:10     | Noticed a two-headed ogre
  9672 | D:10     | Noticed a harpy
  9672 | D:10     | a yaktaur changed into a harpy
  9678 | D:10     | Killed a cyclops
  9680 | D:10     | Killed a harpy
  9962 | D:10     | Found a portal to a secret trove of treasure.
 10033 | D:10     | Found a staircase to the Lair.
 10212 | D:10     | Noticed a four-headed hydra
 10229 | D:10     | Killed a four-headed hydra
 10715 | D:10     | Found a staircase to the Orcish Mines.
 10920 | D:10     | Reached XP level 12. HP: 84/84 MP: 12/12
 10945 | D:10     | Reached skill level 16 in Stealth
 11530 | D:10     | Killed a two-headed ogre
 11644 | D:11     | Found a transporter.
 11715 | D:11     | Reached skill level 5 in Shields
 12298 | D:11     | Noticed a death knight
 12322 | D:11     | Killed a death knight
 12333 | D:11     | Found a transporter.
 12866 | D:12     | Noticed a two-headed ogre
 12870 | D:12     | Killed a two-headed ogre
 12947 | D:12     | Noticed a two-headed ogre
 12954 | D:12     | Killed a two-headed ogre
 12955 | D:12     | Found a transporter.
 12955 | D:12     | Noticed a two-headed ogre
 12956 | D:12     | Noticed Pooter's ghost (journeyman MiBe)
 12957 | D:12     | Noticed a two-headed ogre
 12957 | D:12     | Identified the +8 great mace of Qoil {freeze, *Corrode rN+
                  | Int+2}
 12957 | D:12     | Noticed a frost giant
 12958 | D:12     | Noticed a two-headed ogre
 12961 | D:12     | Found a transporter.
 12964 | D:12     | Noticed a six-headed hydra
 12970 | D:12     | Killed a six-headed hydra
 13109 | D:12     | Noticed Snorg
 13146 | D:12     | Reached skill level 17 in Stealth
 13174 | D:12     | Killed Snorg
 13175 | D:12     | Noticed a two-headed ogre
 13178 | D:12     | Killed a two-headed ogre
 13527 | D:12     | Noticed a two-headed ogre
 13530 | D:12     | Noticed a two-headed ogre
 13535 | D:12     | Killed a two-headed ogre
 13537 | D:12     | Noticed a stone giant
 13539 | D:12     | Noticed a two-headed ogre
 13600 | D:12     | Killed a two-headed ogre
 13601 | D:12     | Reached skill level 10 in Fighting
 13912 | D:12     | Noticed a two-headed ogre
 13914 | D:12     | Noticed a two-headed ogre
 13926 | D:12     | Killed a two-headed ogre
 13927 | D:12     | Reached XP level 13. HP: 61/92 MP: 13/13
 14432 | D:12     | Killed a stone giant
 14433 | D:12     | Reached skill level 10 in Short Blades
 14445 | D:12     | HP: 2/92 [ogre/+0 giant spiked club (27)]
 15202 | D:12     | Reached skill level 18 in Stealth
 15780 | D:12     | Noticed Frances
 15795 | D:12     | Killed Frances
 16502 | Lair:1   | Entered Level 1 of the Lair of Beasts
 17982 | Lair:2   | Found a runed translucent door.
 17983 | Lair:2   | Found a shimmering altar of Xom.
 17983 | Lair:2   | Noticed Evofyass's ghost (journeyman TeCj)
 17983 | Lair:2   | Identified the +1 trident "Zesofeapu" {chaos, Fly SInv}
 18519 | Lair:2   | You are sucked into a shaft and drop 1 floor!
 18552 | Lair:3   | Found a frozen archway.
 18571 | IceCv    | Entered an ice cave
 18583 | IceCv    | Reached XP level 14. HP: 35/101 MP: 14/14
 18586 | IceCv    | Found a transporter.
 18831 | IceCv    | Found a transporter.
 18838 | IceCv    | Engulfed by an ice statue's freezing vapour

Illustrated notes

Levels and vault maps discovered:
D:1:      grunt_arrival_lava_bath, layout_basic, basic_ecumenical_altar
D:2:      layout_rooms
D:3:      layout_loops_ring
D:4:      layout_basic, minmay_temple_entry_gardened_gates, serial_shops,
          shop_fountains, minmay_mini_ossuary, uniq_natasha
D:5:      layout_loops_corners, minmay_crossroads, uniq_blork_the_orc
D:6:      layout_loops_ring, serial_shops, shop, minmay_misc_feat_alley
D:7:      layout_loops_corners, enter_ossuary_2, uniq_maggie, uniq_menkaure
D:8:      layout_gridville, general_overflow_altar, uniq_psyche, uniq_erica,
          uniq_maurice
D:9:      layout_irregular_city
D:10:     layout_roguey, erik_lair_orcish_takeover, zombieorc2_lemuel,
          nicolae_trove_entry_diagonal, minmay_bent
D:11:     gammafunk_cloud_chamber, layout_loops_ring
D:12:     cheibrodos_monumental, layout_basic, gammafunk_ghost_smash,
          minmay_misc_feat_encased, uniq_snorg, uniq_frances
D:13:     layout_cave_pools, david_vaults_5, kennysheep_slug_shrine
Lair:1:   layout_small_grid, special_room [special_room_bee]
Lair:2:   layout_layer_cave, ebering_ghost_xom
Lair:3:   layout_regular_city, gammafunk_ghost_endoplasm, portal_ice_cave_rime
IceCv:    ice_cave_statue_garden_transporter

Skill      XL: |  1  2  3  4  5  6  7  8  9 10 11 12 13 |
---------------+----------------------------------------+-----
Stealth        | 1 2 3 5 6 8 10 13 14 15 17 18 | 18.6
Fighting       | 4 5 7 8 10 11 | 11.3
Short Blades   | 4 5 6 7 8 9 10 | 10.4
Dodging        | 4 5 7 8 9 |  9.3
Long Blades    | 2 4 |  4.9
Shields        | 4 5 6 |  6.6
Evocations     | 3 |  3.5

Action                   |  1- 3 |  4- 6 |  7- 9 | 10-12 | 13-15 || total
-------------------------+-------+-------+-------+-------+-------++-------
Melee: Short sword       |    64 |       |       |   330 |   116 ||   510
       Constrict         |    23 |    26 |    48 |    34 |    43 ||   174
       Tentacles         |    16 |    27 |    68 |   107 |    93 ||   311
       Dagger            |    28 |   109 |   248 |    78 |    20 ||   483
       Scimitar          |       |       |       |       |   130 ||   130
Invok: Berserk           |     2 |     3 |     9 |    19 |    12 ||    45
       Brothers in Arms  |       |       |       |     6 |     4 ||    10
       Trog's Hand       |       |       |       |     2 |     3 ||     5
Evoke: Wand              |       |       |       |     1 |    11 ||    12
  Use: Scroll            |       |     8 |    10 |    10 |     9 ||    37
       Potion            |       |       |     2 |     2 |     5 ||     9
 Stab: Sleeping          |     5 |    13 |    21 |    17 |     3 ||    59
       Distracted        |       |       |       |     2 |     2 ||     4
Armor: Skin              |     9 |     1 |     8 |    24 |    33 ||    75
Dodge: Dodged            |    65 |    69 |   140 |   181 |   226 ||   681
Block: Kite shield       |       |       |     9 |   113 |   138 ||   260
       Rpst.: Scimitar   |       |       |       |       |    54 ||    54

Table legend: (Time is in decaauts)
 A = Elapsed time spent in this place.
 B = Non-inter-level travel time spent in this place.
 C = Inter-level travel time spent in this place.
 D = Time resting spent in this place.
 E = Time spent auto-exploring this place.
 F = Levels seen in this place.
 G = Mean time per level.
                   A        B        C        D        E       F      G
               +--------+--------+--------+--------+--------+-----+--------+
         Total |  18945 |  18315 |    630 |   3819 |  11440 |  18 | 1052.5 |
       Dungeon |  16346 |  15728 |    618 |   3291 |   9879 |  13 | 1257.4 |
          Lair |   2097 |   2085 |     12 |    296 |   1479 |   3 |  699.0 |
       Ossuary |    220 |    220 |      0 |      5 |     82 |   1 |  220.0 |
      Ice Cave |    281 |    281 |      0 |    227 |      0 |   1 |  281.0 |
               +--------+--------+--------+--------+--------+-----+--------+

Top non-repeatable levels by time:
    D:12: 3093 daAuts
    D:10: 1860 daAuts
    D:11: 1596 daAuts
     D:5: 1483 daAuts
  Lair:1: 1478 daAuts
     D:7: 1428 daAuts
     D:9: 1254 daAuts
     D:4: 1138 daAuts
     D:1: 1135 daAuts
     D:8: 1112 daAuts
     D:3: 942 daAuts
     D:6: 757 daAuts
  Lair:2: 568 daAuts
     D:2: 494 daAuts
   IceCv: 281 daAuts
